 Dungeon Crawl Stone Soup version 0.27-a0-421-g7ddf969dea (webtiles) character file.

Game seed: 18189450186349104003

11832 Anon1729 the Fighter (level 11, -7/82 (86) HPs)
             Began as an Octopode Gladiator on Feb 26, 2021.
             Was an Initiate of Ashenzari.
             Mangled by a wight
             ... wielding a +0 halberd
              (11 damage)
             ... on level 8 of the Dungeon.
             The game lasted 00:23:46 (12117 turns).

Anon1729 the Fighter (Octopode Gladiator)          Turns: 12117, Time: 00:23:46

HP:   -7/82 (86)    AC:  5    Str: 14    XL:     11   Next: 83%
MP:   20/20         EV: 23    Int: 12    God:    Ashenzari [......]
Gold: 516           SH:  0    Dex: 15    Spells: 10/10 levels left

rFire    . . .     SeeInvis .   a - +0 trident
rCold    . . .     Faith    .   (no shield)
rNeg     . . .     Spirit   .   b - +0 hat
rPois    .         Reflect  .   (no amulet)
rElec    .         Harm     .   g - ring of resist corrosion
rCorr    +         Rampage  .   u - +4 ring of evasion (curse)
Will     .....                  p - ring of magical power
Stlth    ++........             D - +4 ring of protection (curse)
HPRegen  0.23/turn              (no ring)
MPRegen  0.17/turn              (no ring)
                                (no ring)
                                (no ring)

@: lightly drained
A: almost no armour, stealthy swim, amphibious, 8 rings, constrict 8, camouflage
1, gelatinous body 1
a: Renounce Religion, Curse Item


You were on level 8 of the Dungeon.
You worshipped Ashenzari.
Ashenzari was noncommittal.
You visited 2 branches of the dungeon, and saw 9 of its levels.
You also visited: Ossuary and Bailey.

You collected 516 gold pieces.

Inventory:

Hand Weapons
 a - a +0 trident (weapon)
Missiles
 c - 4 throwing nets (quivered)
Armour
 b - a +0 hat (worn)
Jewellery
 g - a ring of resist corrosion (left tentacle)
 p - a ring of magical power (on tentacle)
 u - a cursed +4 ring of evasion (right tentacle)
 C - a +4 ring of slaying
 D - a cursed +4 ring of protection (on tentacle)
Wands
 r - a wand of digging (5)
 y - a wand of iceblast (3)
 H - a wand of random effects (36)
Scrolls
 e - 5 scrolls of enchant armour
 h - 10 scrolls of teleportation
 i - 4 scrolls of random uselessness
 m - 3 scrolls of magic mapping
 o - 9 scrolls of identify
 q - a scroll of noise
 t - a scroll of blinking
 x - 2 scrolls of acquirement
 A - 3 scrolls of amnesia
 E - 2 scrolls of enchant weapon
 K - a scroll of brand weapon
 L - 2 scrolls of fear
Potions
 d - 3 potions of degeneration
 f - 2 potions of invisibility
 j - 2 potions of curing
 k - 2 potions of mutation
 l - a potion of might
 n - a potion of resistance
 s - 2 potions of haste
 w - 2 potions of brilliance
 z - a potion of attraction
 F - 4 potions of magic
 G - a potion of ambrosia
Miscellaneous
 B - a box of beasts (inert)


   Skills:
 + Level 12.7 Fighting
 + Level 9.7 Polearms
 - Level 2.0 Throwing
 + Level 9.8 Dodging


You had 10 spell levels left.
You didn't know any spells.
Your spell library was empty.

Dungeon Overview and Level Annotations

Branches:
Dungeon (8/15)             Temple (1/1) D:5         Ossuary (visited)
 Bailey (visited)
   Lair: D:8-11

Altars:
Ashenzari
Cheibriados
Dithmenos
Elyvilon
Fedhas
Gozag
Hepliaklqana
Kikubaaqudgha
Makhleb
Nemelex Xobeh
Okawaru
Qazlal
Ru
Sif Muna
Trog
Uskayaw
Vehumet
Wu Jian
Xom
Yredelemnul
Zin
The Shining One

Annotations:
D:3 1 runed translucent door, Crazy Yiuf


Innate Abilities, Weirdness & Mutations

You cannot wear most types of armour.
You are very stealthy in the water. (Stealth+)
You are amphibious.
You can wear up to eight rings at the same time.
You can use your tentacles to constrict eight enemies at once.
Your skin changes colour to match your surroundings (Stealth+).
Your rubbery body absorbs attacks. (AC +1, EV +1)


Message History

The wight hits you from afar with a +0 trident.
You reach to attack!
You hit the wight.
The wight is moderately damaged.
You reach to attack!
The centaur shouts!
You hit the wight.
The wight is severely damaged.
You feel sick.
You are no longer poisoned.
You hear a shout!
The centaur zaps a wand.
The mass of ice explodes!
The iceblast engulfs you!
Unknown command.
The centaur zaps a wand.
The mass of ice explodes!
The iceblast engulfs you!
The centaur unwields a +0 morningstar.
The centaur wields a +0 shortbow.
The centaur shoots an arrow.
The arrow misses you.
The centaur zaps a wand.
The mass of ice explodes!
The iceblast engulfs you!
The deep elf pyromancer shouts!
The centaur unwields a +0 shortbow.
The centaur wields a +0 morningstar.
The centaur completely misses you.
The deep elf pyromancer casts a spell.
You hit the centaur.
The centaur is lightly wounded.
The centaur closely misses you. The wight completely misses you.
You puncture the centaur!
The centaur is heavily wounded.
The centaur closely misses you.
The wight hits you from afar with a +0 halberd!
* * * LOW HITPOINT WARNING * * *
You feel drained.
* * * LOW HITPOINT WARNING * * *
You hit the centaur.
The centaur is severely wounded.
The centaur hits you with a +0 morningstar!
* * * LOW HITPOINT WARNING * * *
Unknown command.
You feel better.
The centaur hits you with a +0 morningstar!
* * * LOW HITPOINT WARNING * * *
The wight hits you from afar with a +0 halberd!
You die...

#...........z...#
#............##.#
#.............#.#
#....#........#z#
#.............#z# ###########
##..#..........#z# #....8....#
....#...##.....#z# #.........#
.............#.#.# ##.8.....8.#
.............#.#@###...[......##
.......†.....#...ce............#
..#..........###.#E##8...∩...8.#
..............##...☼...........#
...............#>#.#...........#
...............#.#.#..8.....8..#
...............'.###.(.........#
...............#.####)[).8.....#
.....................)<#...###.#


You could see a deep elf pyromancer, a fire elemental (summoned), a centaur and
4 wights.

Vanquished Creatures
  An orc warlord (Bailey)
  An orc knight (Bailey)
  Duvessa (D:6)
  A black bear (D:6)
  14 orc warriors
  A sky beast (D:6)
  8 ogres
  A phantom (D:8)
  2 centaurs
  2 kobold brigands
  5 bullfrogs
  7 water moccasin zombies (Ossuary)
  3 scorpions
  Dowan (D:6)
  2 wights (D:8)
  A quasit (D:8)
  3 orc priests
  4 hounds
  3 jellies
  A centaur skeleton (D:4)
  Jessica (D:7)
  A bullfrog skeleton (D:4)
  2 iguanas (D:6)
  7 worker ants
  A hound zombie (D:6)
  3 hound skeletons (D:5)
  3 mummies
  8 adders
  12 gnolls
  3 shadow imps
  4 white imps
  9 adder zombies (Ossuary)
  An adder skeleton (D:5)
  A worm (D:3)
  2 dart slugs (D:2)
  6 leopard geckos
  40 orcs
  2 ball pythons
  A giant cockroach (D:5)
  4 gnoll zombies (Ossuary)
  22 goblins
  19 hobgoblins
  13 jackals
  17 kobolds
  2 quokkas
  9 bats
  5 frilled lizards
  5 hobgoblin zombies
  4 kobold zombies (Ossuary)
  4 orc zombies
  9 rats
282 creatures vanquished.

Vanquished Creatures (others)
  2 orc warriors (Bailey)
  A bullfrog skeleton (D:8)
  45 plants (D:8)
  4 toadstools (D:1)
52 creatures vanquished.

Grand Total: 334 creatures vanquished

Notes
Turn   | Place    | Note
-------+----------+-------------------------------------------
     0 | D:1      | Anon1729 the Octopode Gladiator began the quest for the
                  | Orb.
     0 | D:1      | Reached XP level 1. HP: 14/14 MP: 1/1
   148 | D:1      | Reached XP level 2. HP: 12/19 MP: 2/2
   803 | D:1      | Reached XP level 3. HP: 25/25 MP: 3/3
  1119 | D:2      | Reached XP level 4. HP: 14/30 MP: 4/4
  1287 | D:2      | Reached skill level 3 in Fighting
  2221 | D:3      | Found a blossoming altar of Fedhas.
  2224 | D:3      | Found a glowing silver altar of Zin.
  2228 | D:3      | Found an iron altar of Okawaru.
  2323 | D:3      | Found a runed translucent door.
  2324 | D:3      | Noticed Crazy Yiuf
  2697 | D:3      | Reached XP level 5. HP: 31/36 MP: 5/5
  3247 | D:4      | Noticed an ogre
  3250 | D:4      | Noticed a centaur
  3422 | D:4      | Killed a centaur
  3423 | D:4      | Reached XP level 6. HP: 25/43 MP: 6/6
  3514 | D:4      | Found a sand-covered staircase.
  3526 | Ossuary  | Entered an ossuary
  3604 | Ossuary  | Reached skill level 4 in Fighting
  3743 | Ossuary  | Reached skill level 5 in Dodging
  3747 | Ossuary  | Reached skill level 5 in Polearms
  3747 | Ossuary  | Reached XP level 7. HP: 42/49 MP: 7/7
  3892 | Ossuary  | Reached skill level 5 in Fighting
  4275 | D:4      | Reached XP level 8. HP: 55/55 MP: 8/8
  4814 | D:5      | Entered Level 5 of the Dungeon
  4995 | D:4      | Reached skill level 6 in Fighting
  5490 | D:5      | Found a hide-covered altar of Uskayaw.
  5770 | D:5      | Noticed a +0 dagger
  5772 | D:5      | Noticed a +0 hand axe
  5797 | D:5      | Found a staircase to the Ecumenical Temple.
  5922 | Temple   | Entered the Ecumenical Temple
  5965 | Temple   | Became a worshipper of Ashenzari the Shackled
  5965 | Temple   | Identified a scroll of acquirement
  6639 | D:6      | Reached XP level 9. HP: 37/63 MP: 9/9
  6882 | D:6      | Reached skill level 7 in Fighting
  7339 | D:6      | Noticed Dowan
  7340 | D:6      | Noticed Duvessa
  7373 | D:6      | Killed Dowan
  7541 | D:6      | Killed Duvessa
  7901 | D:7      | Noticed Jessica
  7909 | D:7      | Killed Jessica
  7910 | D:7      | Found a shimmering blue altar of Sif Muna.
  8484 | D:8      | Identified the +5 ring mail of the Valley {Str+3}
  8661 | D:8      | Found a flagged portal.
  8866 | Bailey   | Entered a bailey
  8960 | Bailey   | Reached skill level 8 in Fighting
  9051 | Bailey   | Noticed an orc knight
  9121 | Bailey   | Reached XP level 10. HP: 39/72 MP: 10/10
  9123 | Bailey   | Killed an orc knight
 10044 | Bailey   | Noticed an orc warlord
 10138 | Bailey   | HP: 1/73 [orc warlord/+0 war axe (25)]
 10666 | Bailey   | Killed an orc warlord
 10667 | Bailey   | Reached skill level 9 in Fighting
 11029 | D:8      | HP: 3/74 [wight/+0 spear (8)]
 11034 | D:8      | HP: 2/74 [poisoned by a scorpion]
 11041 | D:8      | HP: 2/74 [poisoned by a scorpion]
 11049 | D:8      | HP: 1/74 [poisoned by a scorpion]
 11695 | D:8      | Noticed a deep elf pyromancer
 11706 | D:8      | Reached skill level 12 in Fighting
 11706 | D:8      | Reached XP level 11. HP: 21/86 MP: 11/11
 12117 | D:8      | HP: 4/82 [centaur/+0 morningstar (12)]
 12117 | D:8      | Mangled by a wight

Illustrated notes

Levels and vault maps discovered:
D:1:      ldierk_walled_garden_2, layout_basic
D:2:      layout_rooms, serial_corexii_hall, corexii_hall_statues_l,
          corexii_hall_statues_l, chequers_hall_statues_corner_a,
          corexii_hall_statues_deadend, minmay_fractal_squares_5
D:3:      layout_rooms, grunt_temple_overflow_open, uniq_crazy_yiuf_cottage
D:4:      layout_basic, nicolae_ossuary_entry_giza
D:5:      layout_rooms, dancing_weapons_uskayaw, minmay_temple_entry_poolview
D:6:      layout_rooms, uniq_duvessa
D:7:      layout_basic, tgw_sif
D:8:      nzn_winding_woodlands_cross [nzn_winding_woodlands_5x15_jagged,
          nzn_winding_woodlands_5x15_garden,
          nzn_winding_woodlands_5x15_sidewinder,
          nzn_winding_woodlands_5x15_split_checker,
          nzn_winding_woodlands_15x15_five_gardens], layout_basic,
          enter_bailey_6, uniq_joseph
Temple:   dpeg_five_rooms_temple

Skill      XL: |  1  2  3  4  5  6  7  8  9 10 |
---------------+-------------------------------+-----
Fighting       | 3 4 5 6 8 12 | 12.7
Dodging        | 4 5 7 8 9 |  9.8
Polearms       | 4 5 7 8 9 |  9.7
Throwing       | |  2.0

Action                   |  1- 3 |  4- 6 |  7- 9 | 10-12 || total
-------------------------+-------+-------+-------+-------++-------
Melee: Trident           |    67 |   145 |   455 |   257 ||   924
       Constrict         |     9 |    32 |    97 |    36 ||   174
       Tentacles         |     9 |    28 |   113 |    43 ||   193
Invok: Curse Item        |       |       |     2 |       ||     2
Evoke: Wand              |       |       |    11 |    17 ||    28
       Box of beasts     |       |       |       |     1 ||     1
  Use: Potion            |       |       |     1 |     8 ||     9
       Scroll            |       |       |     1 |     2 ||     3
 Stab: Distracted        |     1 |       |     1 |       ||     2
       Sleeping          |     2 |    14 |    14 |       ||    30
       Petrified         |       |       |       |     1 ||     1
Armor: Skin              |     8 |     6 |    30 |    33 ||    77
Dodge: Dodged            |    59 |    74 |   358 |   159 ||   650

Table legend: (Time is in decaauts)
 A = Elapsed time spent in this place.
 B = Non-inter-level travel time spent in this place.
 C = Inter-level travel time spent in this place.
 D = Time resting spent in this place.
 E = Time spent auto-exploring this place.
 F = Levels seen in this place.
 G = Mean time per level.
                   A        B        C        D        E       F      G
               +--------+--------+--------+--------+--------+-----+--------+
         Total |  12091 |  11651 |    440 |   3670 |   5890 |  11 | 1099.2 |
       Dungeon |   9342 |   8951 |    391 |   2677 |   4878 |   8 | 1167.8 |
        Temple |    269 |    220 |     49 |      0 |    214 |   1 |  269.0 |
       Ossuary |    403 |    403 |      0 |      0 |    271 |   1 |  403.0 |
        Bailey |   2076 |   2076 |      0 |    993 |    527 |   1 | 2076.0 |
               +--------+--------+--------+--------+--------+-----+--------+

Top non-repeatable levels by time:
  Bailey: 2076 daAuts
     D:8: 1381 daAuts
     D:4: 1339 daAuts
     D:1: 1336 daAuts
     D:3: 1193 daAuts
     D:6: 1190 daAuts
     D:5: 1162 daAuts
     D:2: 1012 daAuts
     D:7: 724 daAuts
 Ossuary: 403 daAuts
  Temple: 269 daAuts
